 Dungeon Crawl Stone Soup version 0.31-a0-185-g9dded2c639 (webtiles) character file.

Game seed: 9793232861277175414

207 qw the Skirmisher (level 5, -2/30 HPs)
             Began as a Deep Elf Hunter on June 22, 2023.
             Was an Initiate of Okawaru.
             Slain by an orc wizard
             ... wielding a +0 dagger
              (3 damage)
             ... on level 3 of the Dungeon.
             The game lasted 00:00:47 (1876 turns).

qw the Skirmisher (Deep Elf Hunter)                 Turns: 1876, Time: 00:00:47

Health: -2/30      AC:  6    Str: 10    XL:     5   Next: 54%
Magic:  7/7        EV:  9    Int: 14    God:    Okawaru [......]
Gold:   91         SH:  0    Dex: 18    Spells: 4/4 levels left

rFire   . . .        Y - +0 shortbow
rCold   . . .        (shield currently unavailable)
rNeg    . . .        b - +0 scale mail
rPois   .            (no helmet)
rElec   .            (no cloak)
rCorr   .            (no gloves)
SInv    .            (no boots)
Will    .....        (no amulet)
Stlth   +            (no ring)
HPRegen 0.25/turn    (no ring)
MPRegen 0.10/turn

%: no passive effects
@: no status effects
A: no striking features
a: Renounce Religion


You were on level 3 of the Dungeon.
You worshipped Okawaru.
Okawaru was noncommittal.
You visited 1 branch of the dungeon, and saw 3 of its levels.

You collected 91 gold pieces.


   Skills:
 + Level 1.6 Fighting
 - Level 9.0 Ranged Weapons
 - Level 2.4 Dodging
 - Level 1.2 Stealth


You had 4 spell levels left.
You didn't know any spells.
Your spell library was empty.

Inventory:

Hand Weapons
 Y - a +0 shortbow (weapon)
Armour
 b - a +0 scale mail (worn)
Scrolls
 f - a scroll of identify
Potions
 d - a potion of mutation {unknown}
 e - a potion of ambrosia {unknown}
 g - a potion of cancellation {unknown}

Dungeon Overview and Level Annotations

Branches:
Dungeon (3/15)

Altars:
Okawaru


Message History

You shoot an arrow. The arrow closely misses the orc.
The orc hits you but does no damage.
The orc wizard hits you but does no damage.
The orc misses you.
The orc wizard hits you with a +0 dagger.
You shoot an arrow. The arrow barely misses the orc.
The orc wizard hits you but does no damage.
The orc closely misses you.
You shoot an arrow. The arrow hits the orc.
The orc is almost dead.
The orc barely misses you.
The orc wizard hits you but does no damage.
You shoot an arrow. The arrow hits the orc!
You kill the orc!
Okawaru accepts your kill.
The orc wizard hits you but does no damage.
You shoot an arrow. The arrow hits the orc wizard.
The orc wizard is moderately wounded.
The orc wizard hits you but does no damage.
You shoot an arrow. The arrow barely misses the orc wizard.
The orc wizard closely misses you.
The orc wizard hits you but does no damage.
You shoot an arrow. The arrow barely misses the orc wizard.
The orc wizard hits you with a +0 dagger.
You shoot an arrow. The arrow hits the orc wizard.
The orc wizard is heavily wounded.
The orc wizard hits you with a +0 dagger.
You shoot an arrow. The arrow barely misses the orc wizard.
The orc wizard barely misses you.
You shoot an arrow.
The arrow hits the orc wizard but does no damage.
The orc wizard is heavily wounded.
The orc wizard hits you but does no damage. x2
You shoot an arrow.
The arrow closely misses the orc wizard.
The orc wizard hits you with a +0 dagger.
You shoot an arrow. The arrow hits the orc wizard.
The orc wizard is severely wounded.
The orc wizard hits you with a +0 dagger.
You die...

.###+# . ..)...##########.
.................. ..#
#.o@#.#...#......#
.....#)#...#.#.......# ..#
..#.....#...#....# #..
#..#.....#..#.....# #..#
..###.....###...#..#
####.).#..#..#...#..#..#...#
#.......###...#.#...###....#
+......#...#...#...#...#...#
....#.....#..#..#.....#..#


You could see an orc wizard.

Vanquished Creatures
  Jessica (D:2)
  Natasha (D:3)
  An orc wizard (D:3)
  Terence (D:2)
  5 adders
  2 worms (D:2)
  A dart slug (D:1)
  4 orcs (D:3)
  5 endoplasms (D:1)
  4 giant cockroaches
  2 goblins (D:1)
  3 hobgoblins (D:2)
  3 jackals (D:1)
  2 quokkas
  7 ball pythons
  6 bats
  4 frilled lizards
  6 kobolds
  3 rats (D:1)
61 creatures vanquished.

Notes
Turn   | Place    | Note
-------+----------+-------------------------------------------
     0 | D:1      | qw the Deep Elf Hunter began the quest for the Orb.
     0 | D:1      | Reached XP level 1. HP: 12/12 MP: 3/3
     0 | D:1      | 0 ||| qw: Version: 0.3-a-9-g12657ce
     0 | D:1      | 0 ||| qw: Game counter: 1671
     0 | D:1      | 0 ||| qw: Always use a shield: true
     0 | D:1      | 0 ||| qw: God list: Okawaru
     0 | D:1      | 0 ||| qw: Allow faded altars: false
     0 | D:1      | 0 ||| qw: Do Orc after D:15 true
     0 | D:1      | 0 ||| qw: Do second Lair branch before Depths: true
     0 | D:1      | 0 ||| qw: Lair rune preference: random
     0 | D:1      | 0 ||| qw: Plans: Normal
     0 | D:1      | 0 ||| PLANNING D:1-11
    61 | D:1      | Reached XP level 2. HP: 16/16 MP: 4/4
    69 | D:1      | Reached skill level 6 in Ranged Weapons
   558 | D:1      | Reached XP level 3. HP: 20/20 MP: 5/5
   622 | D:1      | Found a faded altar of an unknown god.
   957 | D:1      | 957 ||| READING 3 scrolls labelled GOCLUFEOGG.
   958 | D:1      | 958 ||| DROPPING 2 scrolls of fog.
   959 | D:1      | 959 ||| DROPPING scroll of butterflies.
  1035 | D:2      | 1035 ||| DROPPING +1 sling of flaming.
  1059 | D:2      | Found an iron altar of Okawaru.
  1060 | D:2      | 1060 ||| PLANNING OKAWARU WORSHIP
  1070 | D:2      | Reached skill level 7 in Ranged Weapons
  1071 | D:2      | Became a worshipper of Warmaster Okawaru
  1072 | D:2      | 1072 ||| PLANNING D:1-11
  1193 | D:2      | Reached XP level 4. HP: 23/25 MP: 6/6
  1216 | D:2      | Noticed Terence
  1227 | D:2      | Killed Terence
  1386 | D:2      | Reached skill level 8 in Ranged Weapons
  1600 | D:2      | Noticed Jessica
  1607 | D:2      | Killed Jessica
  1608 | D:2      | Reached XP level 5. HP: 29/29 MP: 7/7
  1681 | D:2      | 1681 ||| UPGRADING to +0 scale mail.
  1691 | D:2      | 1691 ||| DROPPING +0 leather armour.
  1692 | D:2      | 1692 ||| DROPPING +6 ring of intelligence.
  1693 | D:2      | 1693 ||| READING scroll labelled ICHAET VYORGH.
  1694 | D:2      | 1694 ||| READING 2 scrolls labelled MESANE AQOUPLA.
  1695 | D:2      | 1695 ||| READING scroll labelled DUEQYU JISSOSE.
  1765 | D:3      | Noticed Natasha
  1769 | D:3      | Killed Natasha
  1843 | D:3      | Reached skill level 9 in Ranged Weapons
  1863 | D:3      | HP: 6/29 [orc wizard/puff of flame (6)]
  1871 | D:3      | HP: 3/30 [orc wizard/+0 dagger (3)]
  1872 | D:3      | HP: 1/30 [orc wizard/+0 dagger (2)]
  1876 | D:3      | Slain by an orc wizard

Levels and vault maps discovered:
D:1:      heliophobic_arrival_henge, layout_basic, serial_corexii_hall,
          corexii_hall_statues_s, corexii_hall_statues_x,
          corexii_hall_statues_deadend, corexii_hall_statues_x,
          shapermc_ecumenical_altar_starsandcircs, minivault_4
D:2:      layout_basic, basic_altar, uniq_jessica, uniq_terence
D:3:      kennysheep_goblin_castle, layout_basic, fedhas_altar_2,
          bloody_makhleb, minmay_splitting_lines, chequers_arboretum,
          uniq_natasha

Skill      XL: |  1  2  3  4  5 |
---------------+----------------+-----
Ranged Weapons | 6 7 8 9 |  9.0
Fighting       | |  1.6
Dodging        | |  2.4
Stealth        | |  1.2

Action                     |  1- 3 |  4- 6 || total
---------------------------+-------+-------++-------
   Fire: Shortbow          |   100 |    88 ||   188
    Use: Scroll            |     1 |     3 ||     4
 Armour: Leather armour    |     8 |     1 ||     9
         Scale mail        |       |    22 ||    22
  Dodge: Dodged            |    18 |    22 ||    40

Table legend:
 A = Non-vault XP
 B = Vault XP
 C = Vault XP percentage of total XP
 D = Non-vault monster count
 E = Vault monster count
 F = Vault count percentage of total count
                 A         B        C        D         E       F
            +---------+---------+-------+---------+---------+-------
      Total |     192 |     104 |  35.1 |      58 |       3 |   4.9
            +---------+---------+-------+---------+---------+-------
        D:1 |      47 |       0 |   0.0 |      30 |       0 |   0.0
        D:2 |      82 |      69 |  45.7 |      21 |       2 |   8.7
        D:3 |      63 |      35 |  35.7 |       7 |       1 |  12.5
            +---------+---------+-------+---------+---------+-------
